 Dungeon Crawl Stone Soup version 0.21.1-1-g345015f (webtiles) character file.

452 dvd the Shield-Bearer (level 6, -2/53 HPs)
             Began as a Minotaur Fighter on June 11, 2018.
             Was a Believer of Zin.
             Killed by divine providence
             ... invoked by an orc priest
              (13 damage)
             ... on level 4 of the Dungeon.
             The game lasted 00:08:35 (2384 turns).

dvd the Shield-Bearer (Minotaur Fighter)            Turns: 2384, Time: 00:08:36

Health: -2/53      AC:  8    Str: 27    XL:     6   Next: 75%
Magic:  4/6        EV:  9    Int:  6    God:    Zin [**....]
Gold:   85         SH: 10    Dex: 12    Spells: 5/5 levels left

rFire    . . .     SeeInvis .   g - +2 mace (venom)
rCold    . . .     Gourm    .   c - +0 shield
rNeg     . . .     Faith    .   b - +0 scale mail
rPois    ∞         Spirit   .   (helmet restricted)
rElec    .         Reflect  .   w - +0 cloak (curse)
rCorr    .         Harm     .   (no gloves)
MR       .....                  (no boots)
Stlth    ..........             (no amulet)
HPRegen  0.17/turn              (no ring)
MPRegen  0.10/turn              (no ring)

@: mighty, vitalised
A: retaliatory headbutt, horns 2
a: Recite, Vitalisation, Donate Gold, Renounce Religion


You were on level 4 of the Dungeon.
You worshipped Zin.
Zin was pleased with you.
You were not hungry.

You visited 1 branch of the dungeon, and saw 4 of its levels.

You collected 180 gold pieces.
You donated 95 gold pieces to Zin.

Inventory:

Hand Weapons
 a - a +0 war axe
 g - a +2 mace of venom (weapon)
 m - a +2 whip of electrocution
 p - a +2 vampiric hand axe
Armour
 b - a +0 scale mail (worn)
 c - a +0 shield (worn)
 d - a +0 leather armour of fire resistance
 w - a cursed +0 cloak (worn)
Scrolls
 e - 2 scrolls of teleportation {unknown}
 j - a scroll of fear {unknown}
 k - 2 scrolls of amnesia {unknown}
 l - 6 scrolls of identify {unknown}
 o - 3 scrolls of remove curse {unknown}
 t - a scroll of enchant weapon {unknown}
 u - 2 scrolls of fog {unknown}
 v - a scroll of noise {unknown}
 y - a scroll of magic mapping {unknown}
Potions
 h - 2 potions of brilliance {unknown}
 n - 2 potions of resistance {unknown}
 q - 2 potions of heal wounds {unknown}
 r - a potion of invisibility {unknown}
 s - a potion of degeneration {unknown}
 x - a potion of ambrosia {unknown}
 z - 2 potions of agility {unknown}
 A - a potion of curing {unknown}
Comestibles
 f - 12 rations


   Skills:
 + Level 4.6 Fighting
 + Level 2.9(4.0) Axes
 + Level 4.1(4.6) Maces & Flails
 + Level 5.0 Armour
 + Level 1.8 Dodging
 + Level 0.4 Stealth
 + Level 5.2 Shields
 + Level 2.0 Invocations


You had 5 spell levels left.
You didn't know any spells.

Dungeon Overview and Level Annotations

Branches:
Dungeon (4/15)
 Temple: D:4-7

Altars:
Qazlal
Sif Muna
Zin

Annotations:
D:4 Edmund


Innate Abilities, Weirdness & Mutations

You reflexively headbutt those who attack you in melee.
You have a pair of horns on your head.


Message History

Found 20 gold pieces.
You closely miss the orc priest.
Your headbutt misses the orc priest. "...of disloyalty, Zin taketh."
You finish reciting Ablutions 5:54.
The orc priest calls down the wrath of Beogh upon you.
Beogh smites you!
You closely miss the orc priest. The orc priest hits you with a club.
* * * LOW HITPOINT WARNING * * *
Unknown command.
Zin grants you divine stamina.
You can no longer call upon Zin to imprison the lawless.
The orc priest hits you with a club.
* * * LOW HITPOINT WARNING * * *
You block the orc's attack.
The orc priest invokes the aid of Beogh against you.
Pain shoots through your body!
* * * LOW HITPOINT WARNING * * *
The orc priest mumbles some strange prayers to Beogh against you.
Beogh smites you!
You die...

##. ... #(# #.# ###
#.# ....###.#
$......o#####
#....@o...########
.........#@........#
.......o...........#
.........).....>)<.#
.........#......)..#
##########>........#
###########


You could see Edmund, 2 orc priests and an orc.

Vanquished Creatures
  Duvessa (D:4)
  Dowan (D:4)
  An orc priest (D:3)
  2 orc wizards (D:3)
  Natasha (twice) (D:3)
  4 gnolls (D:3)
  3 adders
  An ooze (D:1)
  A worm (D:3)
  3 dart slugs
  3 leopard geckos
  13 orcs (D:3)
  3 giant cockroaches
  5 goblins
  7 hobgoblins
  7 jackals
  6 kobolds
  A quokka (D:2)
  5 bats
  6 frilled lizards
  7 rats
82 creatures vanquished.

Vanquished Creatures (others)
  A worker ant (D:4)
  A leopard gecko (D:4)
  An orc (D:4)
  A frilled lizard (D:4)
  A leopard gecko skeleton (D:4)
5 creatures vanquished.

Grand Total: 87 creatures vanquished

Notes
Turn   | Place    | Note
-------+----------+-------------------------------------------
     0 | D:1      | dvd the Minotaur Fighter began the quest for the Orb.
     0 | D:1      | Reached XP level 1. HP: 19/19 MP: 0/0
   161 | D:1      | Reached XP level 2. HP: 22/27 MP: 1/1
   854 | D:2      | Reached XP level 3. HP: 30/33 MP: 2/2
   925 | D:2      | Found a faded altar of an unknown god.
   934 | D:2      | Became a worshipper of Zin the Law-Giver
   934 | D:2      | Reached * piety under Zin
   934 | D:2      | Reached ** piety under Zin
  1047 | D:2      | Found a stormy altar of Qazlal.
  1095 | D:2      | Reached skill level 1 in Maces & Flails
  1423 | D:3      | Reached XP level 4. HP: 39/40 MP: 3/3
  1434 | D:3      | Reached skill level 1 in Dodging
  1636 | D:3      | Reached XP level 5. HP: 26/46 MP: 4/4
  1652 | D:3      | Reached skill level 1 in Invocations
  1814 | D:3      | Found a deep blue altar of Sif Muna.
  1888 | D:3      | Noticed Natasha
  1897 | D:3      | Killed Natasha
  1901 | D:3      | Donated 77 gold pieces to Zin
  2097 | D:3      | Reached XP level 6. HP: 53/53 MP: 6/6
  2099 | D:3      | Noticed Natasha
  2111 | D:3      | Killed Natasha
  2111 | D:3      | Reached skill level 5 in Shields
  2330 | D:3      | Reached *** piety under Zin
  2355 | D:4      | Noticed Duvessa
  2355 | D:4      | Noticed Dowan
  2359 | D:4      | Killed Dowan
  2364 | D:4      | Killed Duvessa
  2364 | D:4      | Reached skill level 5 in Armour
  2378 | D:4      | Noticed Edmund
  2384 | D:4      | Killed from afar by an orc priest

Skill      XL: |  1  2  3  4  5  6 |
---------------+-------------------+-----
Shields        | 4 5 |  5.2
Fighting       | 4 |  4.6
Armour         | 4 5 |  5.0
Maces & Flails | 1 2 3 4 |  4.1
Dodging        | 1 |  1.8
Invocations    | 1 2 |  2.0
Axes           | |  2.9
Stealth        | |  0.4

Action                   |  1- 3 |  4- 6 || total
-------------------------+-------+-------++-------
Melee: Mace              |    66 |    74 ||   140
       Headbutt          |     6 |     8 ||    14
       War axe           |     1 |       ||     1
Invok: Recite            |     2 |     8 ||    10
       Donate Gold       |       |     1 ||     1
       Vitalisation      |       |     1 ||     1
  Use: Potion            |       |     1 ||     1
 Stab: Invisible         |       |     1 ||     1
  Eat: Chunk             |     2 |     3 ||     5
Armor: Scale mail        |    41 |    26 ||    67
Dodge: Dodged            |    22 |    23 ||    45
Block: Shield            |    39 |    34 ||    73
